 Dungeon Crawl Stone Soup version 0.23-a0-622-g59b4ea9 (webtiles) character file.

6853 TheGoonsmith the Fighter (level 10, -6/91 HPs)
             Began as a Grey Draconian Conjurer on Dec 23, 2018.
             Was an Elder of Vehumet.
             Mangled by a catoblepas (10 damage)
             ... on level 9 of the Dungeon.
             The game lasted 00:25:52 (9598 turns).

TheGoonsmith the Fighter (Grey Draconian Conjurer)  Turns: 9598, Time: 00:25:52

Health: -6/91      AC: 16    Str: 15    XL:     10   Next: 78%
Magic:  13/20      EV: 10    Int: 19    God:    Vehumet [****..]
Gold:   438        SH:  0    Dex: 12    Spells: 12/23 levels left

rFire    + . .     SeeInvis .   y - +0 long sword
rCold    + . .     Gourm    .   (no shield)
rNeg     . . .     Faith    .   (armour unavailable)
rPois    +         Spirit   .   (helmet restricted)
rElec    +         Reflect  .   g - +2 cloak
rCorr    +         Harm     .   q - +0 pair of gloves
MR       .....                  (no boots)
Stlth    ++........             (no amulet)
HPRegen  0.25/turn              f - +5 ring of strength
MPRegen  0.17/turn              k - +4 ring of evasion

@: resistant, petrifying (expiring), very slow
A: walk through water, unfitting armour, unbreathing, cold-blooded, AC +12
a: Renounce Religion


You were on level 9 of the Dungeon.
You worshipped Vehumet.
Vehumet was greatly pleased with you.
You were not hungry.

You visited 1 branch of the dungeon, and saw 9 of its levels.

You collected 438 gold pieces.

Inventory:

Hand Weapons
 d - a +0 hand axe
 e - a +0 mace
 h - a +2 dagger of venom
 x - a +0 dire flail
 y - a +0 long sword (weapon)
Armour
 g - a +2 cloak (worn)
 q - a +0 pair of gloves (worn)
Jewellery
 f - a +5 ring of strength (left hand)
 k - a +4 ring of evasion (right hand)
 w - an uncursed amulet of the gourmand {unknown}
Wands
 j - a wand of clouds (5)
 l - a wand of scattershot (2)
 m - a wand of digging (5)
 n - a wand of random effects (16)
 r - a wand of enslavement (19)
 B - a wand of paralysis (6)
 C - a wand of polymorph (6)
Scrolls
 i - 4 scrolls of remove curse
 o - a scroll of teleportation
 p - 3 scrolls of identify
 s - a scroll of noise {unknown}
 z - a scroll of amnesia {unknown}
Potions
 a - a potion of flight
 c - a potion of brilliance
 t - a potion of magic {unknown}
 u - a potion of curing
 v - a potion of resistance
 A - 2 potions of agility
Comestibles
 b - 10 rations
 D - 6 chunks of flesh


   Skills:
 + Level 9.3 Fighting
 + Level 7.1 Dodging
 - Level 1.7 Stealth
 - Level 7.2 Spellcasting
 - Level 9.1 Conjurations
 - Level 4.0 Hexes


You had 12 spell levels left.
You knew the following spells:

 Your Spells              Type           Power        Failure   Level  Hunger
a - Magic Dart            Conj           ####         1%          1    None
b - Searing Ray           Conj           #####.       1%          2    None
x - Iskenderun's Mystic   Conj           #####...     1%          4    ###....
z - Fulminant Prism       Conj/Hex       ####......   1%          4    ###....

Your spell library contained the following spells:

 Spells                   Type           Power        Failure   Level  Hunger
 Stone Arrow              Conj/Erth      ###...       1%          3    #......
 Dazzling Spray           Conj/Hex       ####..       1%          3    #......
 Force Lance              Conj/Tloc      ###.....     4%          4    ###....
 Poison Arrow             Conj/Pois      ###.......   50%         6    ######.
 Chain Lightning          Conj/Air       ###.......   100%        8    #######
 Lehudib's Crystal Spear  Conj/Erth      ###.......   100%        8    #######
 Fire Storm               Conj/Fire      ###.......   100%        9    #######
 Glaciate                 Conj/Ice       ###.......   100%        9    #######


Dungeon Overview and Level Annotations

Branches:
Dungeon (9/15)             Temple (0/1) D:5
   Lair: D:8-11         Orc: D:9-12

Altars:
Cheibriados
Dithmenos
Elyvilon
Fedhas
Gozag
Kikubaaqudgha
Makhleb
Okawaru
Sif Muna
Trog
Vehumet
Xom
Yredelemnul
Zin

Shops:
D:7 *   D:8 :

Annotations:
D:2 Terence


Innate Abilities, Weirdness & Mutations

You can walk through water.
Your dull iron-grey scales are very hard. (AC +12)
You cannot fit into any form of body armour.
You can survive without breathing.
You are cold-blooded and may be slowed by cold attacks.


Message History

The blast of calcifying dust hits you!
* * * LOW HITPOINT WARNING * * *
Okay, then.
You feel yourself speed up.
The catoblepas breathes a plume of calcifying dust at you.
The blast of calcifying dust hits you!
* * * LOW HITPOINT WARNING * * *
You are engulfed in calcifying dust.
You are slowing down.
Unknown command.
It was a potion of curing.
You feel better.
A wolf spider comes into view.
The catoblepas gores you!!
* * * LOW HITPOINT WARNING * * *
Your limbs are stiffening.
It was a potion of resistance.
You feel protected.
The wolf spider is engulfed in calcifying dust.
The wolf spider is moving more slowly.
The catoblepas gores you!
You die...

#.. #.# # #.# #.####
#.####÷†... #. .. #.....#####
.. =#)# #.# #.###.# # . ..#
#..##..# #.###.# #
#.####..##..#..########..##.##
...##..#....##..§......##..###
#..##.....##Y@..##.##....#..#
#...###.###s§#.###.##.#.###.##
#.#.......§........##..## ##.#
#w###..O§..#.....####.## ##.
#.....##.#>#.....# #..## ##.#
#####.##.#.#.....# #.#.###.##
#....#.#.....# #....#..#
#.####.####### #.###..##
#......# #.# #..#


You could see a catoblepas and a wolf spider (petrifying).

Vanquished Creatures
  Harold (D:7)
  Psyche (D:8)
  A troll (D:9)
  2 hippogriffs
  A wyvern (D:8)
  Eustachio (D:4)
  Grum (D:8)
  Menkaure (D:4)
  Duvessa (D:4)
  2 ice beasts
  3 sky beasts
  A phantom (D:5)
  3 ogres
  2 wolves
  2 centaurs
  8 bullfrogs
  2 big kobolds
  Dowan (D:4)
  A wyvern skeleton (D:7)
  3 scorpions
  15 killer bees
  5 wights (D:6)
  6 howler monkeys
  8 electric eels (D:8)
  3 crimson imps
  A bullfrog zombie (D:5)
  7 orc wizards
  3 jellies
  A bullfrog skeleton (D:9)
  7 orc priests
  3 iguanas
  Ijyb (D:4)
  Natasha (D:4)
  5 worker ants
  2 hound skeletons
  A mummy (D:7)
  Robin (D:2)
  18 adders
  2 shadow imps
  3 oozes
  An adder zombie (D:6)
  4 dart slugs
  5 leopard geckos
  30 orcs
  5 giant cockroaches
  15 goblins
  7 hobgoblins
  6 jackals
  2 quokkas
  4 bats
  6 frilled lizards
  A hobgoblin zombie (D:7)
  13 kobolds
  A leopard gecko skeleton (D:4)
  An orc zombie (D:7)
  6 rats
238 creatures vanquished.

Vanquished Creatures (others)
  10 fulminant prisms
10 creatures vanquished.

Grand Total: 248 creatures vanquished

Notes
Turn   | Place    | Note
-------+----------+-------------------------------------------
     0 | D:1      | TheGoonsmith the Draconian Conjurer began the quest for the
                  | Orb.
     0 | D:1      | Reached XP level 1. HP: 14/14 MP: 3/3
   260 | D:1      | Reached XP level 2. HP: 20/20 MP: 1/5
   908 | D:2      | Learned a level 2 spell: Searing Ray
   948 | D:2      | Reached XP level 3. HP: 26/26 MP: 1/7
  1367 | D:2      | Reached skill level 5 in Conjurations
  1367 | D:2      | Reached XP level 4. HP: 27/33 MP: 1/8
  1516 | D:2      | Found a bloodstained altar of Trog.
  1541 | D:2      | Noticed Robin
  1558 | D:2      | Killed Robin
  1733 | D:2      | Noticed Terence
  1910 | D:3      | Learned a level 4 spell: Fulminant Prism
  2175 | D:3      | Reached XP level 5. HP: 35/38 MP: 3/9
  2459 | D:3      | Found an iron altar of Okawaru.
  2649 | D:3      | Learned a level 4 spell: Iskenderun's Mystic Blast
  2653 | D:3      | Reached skill level 1 in Fighting
  2653 | D:3      | Reached XP level 6. HP: 10/47 MP: 0/12
  2963 | D:3      | Found a burning altar of Makhleb.
  2963 | D:3      | Found a radiant altar of Vehumet.
  2975 | D:3      | Became a worshipper of Vehumet
  3293 | D:4      | Noticed Eustachio
  3316 | D:4      | Killed Eustachio
  3316 | D:4      | Your scales start taking on a dull iron-grey colour.
  3316 | D:4      | Reached XP level 7. HP: 52/56 MP: 5/13
  3316 | D:4      | Gained mutation: You can survive without breathing. [Grey
                  | Draconian growth]
  3547 | D:4      | Noticed Natasha
  3551 | D:4      | Killed Natasha
  3783 | D:4      | Reached skill level 5 in Spellcasting
  3821 | D:4      | Noticed Ijyb
  3834 | D:4      | Killed Ijyb
  3846 | D:4      | Reached * piety under Vehumet
  3846 | D:4      | Offered knowledge of Flame Tongue by Vehumet.
  3849 | D:4      | Noticed Duvessa
  3858 | D:4      | Noticed Dowan
  3860 | D:4      | Killed Duvessa
  3870 | D:4      | Killed Dowan
  3892 | D:4      | Noticed Menkaure
  3914 | D:4      | Killed Menkaure
  3914 | D:4      | Reached skill level 1 in Hexes
  3914 | D:4      | Reached XP level 8. HP: 27/62 MP: 2/15
  4246 | D:5      | Entered Level 5 of the Dungeon
  4267 | D:5      | Found a shadowy altar of Dithmenos.
  4722 | D:5      | Found a staircase to the Ecumenical Temple.
  4931 | D:5      | Offered knowledge of Throw Flame by Vehumet.
  4959 | D:5      | Reached ** piety under Vehumet
  4962 | D:5      | Found an opulent altar of Gozag.
  5815 | D:6      | Found a shimmering altar of Xom.
  5951 | D:6      | Found a snail-covered altar of Cheibriados.
  6132 | D:7      | Reached skill level 5 in Fighting
  6144 | D:7      | Reached XP level 9. HP: 61/74 MP: 10/18
  6247 | D:7      | Found a basalt altar of Yredelemnul.
  6534 | D:7      | Found a glowing silver altar of Zin.
  6622 | D:7      | Noticed Harold
  6654 | D:6      | Offered knowledge of Ignite Poison by Vehumet.
  6899 | D:7      | Reached *** piety under Vehumet
  7010 | D:7      | Found Lorut's Luxury Loot.
  7290 | D:8      | Noticed Grum
  7350 | D:8      | Killed Grum
  7505 | D:8      | Noticed Psyche
  7514 | D:8      | Paralysed by Psyche for 2 turns
  7517 | D:8      | Killed Psyche
  7517 | D:8      | Reached skill level 5 in Dodging
  7517 | D:8      | Reached XP level 10. HP: 88/88 MP: 6/20
  7568 | D:8      | Offered knowledge of Stone Arrow by Vehumet.
  8016 | D:7      | Killed Harold
  8386 | D:8      | Found Goudwe's Book Boutique.
  8684 | D:8      | Found a blossoming altar of Fedhas.
  8709 | D:8      | Found a deep blue altar of Sif Muna.
  8709 | D:8      | Found a white marble altar of Elyvilon.
  8786 | D:8      | Found an ancient bone altar of Kikubaaqudgha.
  9275 | D:9      | Reached **** piety under Vehumet
  9484 | D:9      | Noticed a catoblepas
  9560 | D:9      | Noticed an elephant
  9575 | D:9      | Noticed a torpor snail
  9575 | D:9      | an elephant changed into a torpor snail
  9594 | D:9      | Noticed a two-headed ogre
  9594 | D:9      | a torpor snail changed into a two-headed ogre
  9597 | D:9      | Noticed a wolf spider
  9597 | D:9      | HP: 3/91 [catoblepas (12)]
  9598 | D:9      | Mangled by a catoblepas

Vault maps used:
D:1:      dpeg_arrival_rhombi, grunt_decor_resistance
D:2:      lemuel_doored_altar, first_ration, kennysheep_minor_cross,
          kennysheep_generic_room_5, uniq_terence, uniq_robin
D:3:      grunt_temple_overflow_lords_of_destruction, okawaru_metal_pillars_1_2
D:4:      uniq_natasha, uniq_eustachio, uniq_menkaure, uniq_ijyb, uniq_duvessa
D:5:      nicolae_gozag_seed_capital, minmay_temple_entry_mist,
          chequers_serial_rivers_micro_d, kennysheep_decorative_pillar,
          nicolae_dithmenos_the_darkroom
D:6:      lemuel_coloured_pillars_altar, overflow_temple_1_default,
          kennysheep_generic_room_11
D:7:      kennysheep_mini_moat, yredelemnul_altar_generic,
          nicolae_ossuary_entry_giza, nicolae_alphabet_shops, uniq_harold
D:8:      kennysheep_big_flooded_room, kennysheep_little_box,
          fedhas_ov_isle_minmay, chequers_temple_overflow_statue_of_worship,
          serial_shops, shop_fountains, dk_rats_in_the_wall, uniq_grum,
          uniq_psyche
D:9:      minmay_the_grid_octo_tiled_squarecenter, chequers_avenue

Skill      XL: |  1  2  3  4  5  6  7  8  9 10 |
---------------+-------------------------------+-----
Spellcasting   | 3 4 5 6 7 |  7.2
Conjurations   | 5 6 7 8 9 |  9.1
Fighting       | 1 2 5 8 9 |  9.3
Dodging        | 2 4 5 7 |  7.1
Hexes          | 1 3 4 |  4.0
Stealth        | |  1.7

Action                   |  1- 3 |  4- 6 |  7- 9 | 10-12 || total
-------------------------+-------+-------+-------+-------++-------
Melee: Hand axe          |     7 |       |       |       ||     7
       Mace              |     8 |       |       |       ||     8
       Dagger            |     3 |    54 |    81 |       ||   138
       Tailslap          |       |     3 |    13 |    11 ||    27
       Dire flail        |       |       |    52 |       ||    52
       Long sword        |       |       |     3 |    33 ||    36
 Cast: Magic Dart        |    63 |   118 |   238 |   111 ||   530
       Iskenderun's Myst |       |       |     5 |     9 ||    14
       Searing Ray       |       |       |    25 |    17 ||    42
       Fulminant Prism   |       |       |     2 |     8 ||    10
  Use: Scroll            |       |     8 |     1 |       ||     9
       Potion            |       |     3 |       |     6 ||     9
  Eat: Chunk             |     1 |     6 |    15 |     2 ||    24
       Ration            |       |       |       |     2 ||     2
Armor: Skin              |     8 |    21 |   106 |    58 ||   193
Dodge: Dodged            |     8 |    52 |   295 |   146 ||   501
       Rpst.: Long sword |       |       |     7 |    50 ||    57

Table legend:
 A = Non-vault XP
 B = Vault XP
 C = Vault XP percentage of total XP
 D = Non-vault monster count
 E = Vault monster count
 F = Vault count percentage of total count
                 A         B        C        D         E       F
            +---------+---------+-------+---------+---------+-------
      Total |    6360 |    3431 |  35.0 |     201 |      37 |  15.5
            +---------+---------+-------+---------+---------+-------
        D:1 |      32 |       0 |   0.0 |      18 |       0 |   0.0
        D:2 |      69 |      40 |  36.7 |      13 |      14 |  51.9
        D:3 |     283 |      48 |  14.5 |      27 |       1 |   3.6
        D:4 |     442 |     659 |  59.9 |      17 |       6 |  26.1
        D:5 |     508 |       0 |   0.0 |      26 |       0 |   0.0
        D:6 |    1178 |       6 |   0.5 |      28 |       1 |   3.4
        D:7 |    1433 |    1074 |  42.8 |      29 |       5 |  14.7
        D:8 |    1765 |    1099 |  38.4 |      33 |       5 |  13.2
        D:9 |     650 |     505 |  43.7 |      10 |       5 |  33.3
            +---------+---------+-------+---------+---------+-------
